 Dungeon Crawl Stone Soup version 0.25-a0-737-g26c3a87 (webtiles) character file.

Game seed: 17276064780579743768, levelgen mode: deterministic

23 Faca the Vandal (level 3, -1/25 HPs)
             Began as a Halfling Hunter on Apr 11, 2020.
             Slain by an adder (3 damage)
             ... on level 2 of the Dungeon.
             The game lasted 00:01:53 (1062 turns).

Faca the Vandal (Halfling Hunter)                   Turns: 1062, Time: 00:01:53

Health: -1/25      AC:  5    Str: 10 (13) XL:     3   Next: 10%
Magic:  3/3        EV: 13    Int:  6 (9)  God:
Gold:   64         SH:  0    Dex: 13 (15) Spells: 2/2 levels left

rFire    . . .     SeeInvis .   b - +0 short sword
rCold    . . .     Gourm    .   (shield restricted)
rNeg     . . .     Faith    .   g - +0 ring mail
rPois    .         Spirit   .   (no helmet)
rElec    .         Reflect  .   (no cloak)
rCorr    .         Harm     .   (no gloves)
MR       .....                  (no boots)
Stlth    +.........             (no amulet)
HPRegen  0.08/turn              (no ring)
MPRegen  0.08/turn              (no ring)

@: lethally poisoned (-1 -> -10)
A: small, mutation resistance 1
a: no special abilities


You were on level 2 of the Dungeon.
You were hungry.

You visited 1 branch of the dungeon, and saw 2 of its levels.

You collected 64 gold pieces.

Inventory:

Hand Weapons
 a - a +1 hunting sling
 b - a +0 short sword (weapon)
Missiles
 d - 20 sling bullets
 h - 17 stones (quivered)
Armour
 g - a +0 ring mail (worn)
Potions
 c - 2 potions of might
Comestibles
 f - 4 rations


   Skills:
 + Level 2.4 Fighting
 + Level 6.4 Slings
 - Level 2.1 Dodging
 - Level 1.1 Stealth


You had 2 spell levels left.
You didn't know any spells.
Your spell library was empty.

Dungeon Overview and Level Annotations

Branches:
Dungeon (2/15)

Altars:


Innate Abilities, Weirdness & Mutations

You are small and have problems with some larger weapons.
You are somewhat resistant to further mutation.


Message History

The adder is heavily wounded.
You feel sick. The adder bites you.
* * * LOW HITPOINT WARNING * * *
You are more poisoned.
The adder poisons you! The adder misses you.
It was a potion of degeneration.
There was something very wrong with that liquid.
You feel weakened.
You feel dopey.
You feel clumsy.
* * * LOW HITPOINT WARNING * * *
You feel sick. The adder misses you.
You miss the adder.
The adder is heavily wounded.
* * * LOW HITPOINT WARNING * * *
You feel sick. The adder bites you.
* * * LOW HITPOINT WARNING * * *
The adder closely misses you.
You closely miss the adder.
The adder is heavily wounded.
The adder bites you.
You die...

# #.##.# #.
#<...#
##.##.#.#
#.....#.#
#...###.#.#
..####..#.#
#.......#
#.##.##.####
# #. #@...#
## #S##.#
..# # #..#
.... ##...
.%>. ###.#


You could see an adder.

Vanquished Creatures
  2 leopard geckos (D:1)
  3 giant cockroaches (D:1)
  3 goblins
  A hobgoblin (D:1)
  3 jackals (D:1)
  2 bats (D:1)
  2 frilled lizards (D:1)
  A kobold (D:1)
  A rat (D:1)
18 creatures vanquished.

Notes
Turn   | Place    | Note
-------+----------+-------------------------------------------
     0 | D:1      | Faca the Halfling Hunter began the quest for the Orb.
     0 | D:1      | Reached XP level 1. HP: 14/14 MP: 1/1
   116 | D:1      | Reached skill level 6 in Slings
   261 | D:1      | Reached XP level 2. HP: 11/19 MP: 2/2
   666 | D:1      | Reached XP level 3. HP: 25/25 MP: 3/3
  1061 | D:2      | HP: 1/25 [adder (2)]
  1062 | D:2      | Slain by an adder

Levels and vault maps discovered:
D:1:      dpeg_arrival_signposts, layout_loops_ring
D:2:      minmay_skewed_foursquare, layout_basic, first_ration, minivault_24,
          okawaru_metal_pillars_1_2

Skill      XL: |  1 |
---------------+----+-----
Fighting       | 2 |  2.4
Slings         | 6 |  6.4
Dodging        | |  2.1
Stealth        | |  1.1

Action                   || total
-------------------------++-------
Melee: Short sword       ||    94
  Use: Scroll            ||     2
       Potion            ||     1
Armor: Ring mail         ||    35
Dodge: Dodged            ||    76

Table legend:
 A = Non-vault XP
 B = Vault XP
 C = Vault XP percentage of total XP
 D = Non-vault monster count
 E = Vault monster count
 F = Vault count percentage of total count
                 A         B        C        D         E       F
            +---------+---------+-------+---------+---------+-------
      Total |      33 |       0 |   0.0 |      18 |       0 |   0.0
            +---------+---------+-------+---------+---------+-------
        D:1 |      31 |       0 |   0.0 |      17 |       0 |   0.0
        D:2 |       2 |       0 |   0.0 |       1 |       0 |   0.0
            +---------+---------+-------+---------+---------+-------
